 Dungeon Crawl Stone Soup version 0.16-a0-922-gae79c9c (webtiles) character file.

65 Afay the Covered (level 4, -1/37 HPs)
             Began as a Formicid Fighter on Sept 30, 2014.
             Killed from afar by an orc wizard (7 damage)
             ... with a magic dart
             ... on Level 3 of the Dungeon.
             The game lasted 00:04:39 (901 turns).

Afay the Covered (Formicid Fighter)                  Turns: 901, Time: 00:04:39

HP  -1/37        AC  9     Str 21      XL: 4   Next: 34%
MP   5/5         EV  5     Int  8      God:
Gold 136         SH  9     Dex 10      Spells:  0 memorised,  3 levels left

rFire  . . .     SeeInvis +     a - +0 flail
rCold  . . .     Clarity  .     i - +0 chain mail
rNeg   . . .     rCorr    .     c - +0 shield
rPois  .         rRot     .     (helmet unavailable)
rElec  .         Spirit   .     (no cloak)
SustAb +         Warding  .     (no gloves)
rMut   .         Stasis   +     (no boots)
Gourm  .                        (no amulet)
MR     .....                    (no ring)
                                g - ring of sustain abilities

@: not resistant to hostile enchantments, extremely unstealthy
A: permanent stasis, dig shafts and tunnels, four strong arms, antennae 3
a: Dig, Shaft Self


You were on level 3 of the Dungeon.
You were not hungry.

You visited 1 branch of the dungeon, and saw 3 of its levels.

You collected 136 gold pieces.

Inventory:

Hand weapons
 a - a +0 flail (weapon)
Armour
 c - a +0 shield (worn)
 i - a +0 chain mail (worn)
Comestibles
 d - 3 bread rations
 m - 3 fruits
 n - a royal jelly
Scrolls
 b - 2 scrolls of identify {unknown}
 f - 2 scrolls of teleportation {unknown}
 j - a scroll of blinking {unknown}
 k - a scroll of noise {unknown}
 l - a scroll of fog {unknown}
Jewellery
 g - a ring of sustain abilities (left hand)
Potions
 e - a potion of might
 h - a potion of heal wounds {unknown}


   Skills:
 + Level 3.7 Fighting
 - Level 3.0 Maces & Flails
 - Level 4.0 Armour
 - Level 4.0 Shields


You had 3 spell levels left.
You didn't know any spells.

Dungeon Overview and Level Annotations

Branches:
Dungeon (3/15)

Altars:
Zin


Innate Abilities, Weirdness & Mutations

Your are under a permanent stasis effect.
You can dig through walls and to a lower floor.
Your four strong arms can wield two-handed weapons with a shield.
You have a pair of large antennae on your head (SInv).


Message History

The orc wizard points at you and mumbles some strange words.
The puff of flame hits you!
* * * LOW HITPOINT WARNING * * *
You bump into the rock wall.
The orc wizard hits you with a dagger.
* * * LOW HITPOINT WARNING * * *
You bump into the rock wall.
You feel less confused. The orc wizard barely misses you.
You hit the orc wizard.
The orc wizard is heavily wounded.
The orc wizard hits you but does no damage.
The orc wizard barely misses you.
You barely miss the orc wizard.
The orc wizard is heavily wounded.
The orc wizard hits you but does no damage.
You hit the orc wizard.
The orc wizard is heavily wounded.
The orc wizard casts a spell at you. The magic dart hits you!
You die...

#...## .# #<...## #... #..
#.....####..# ........
#...#.##... #........
#...#.##.# #...?.....
#...#....## ##.........[
##...(....# #...........
#........#######..#........
#..........@oo..............
#.........###.........!.....
#.........#.).###.........##
#............o............#
#..........o.....#.........
#......................#...
#...?.....$.#######..%## .
#..........## ##...#
###.......# ....


You could see an orc wizard (invisible) and an orc.

Vanquished Creatures
  An adder (D:1)
  2 worms (D:2)
  A giant gecko (D:2)
  3 orcs (D:3)
  A giant cockroach (D:1)
  5 goblins
  6 hobgoblins
  3 jackals (D:2)
  5 kobolds
  3 bats
  2 giant newts
  6 rats
38 creatures vanquished.

Notes
Turn   | Place    | Note
--------------------------------------------------------------
     0 | D:1      | Afay, the Formicid Fighter, began the quest for the Orb.
     0 | D:1      | Reached XP level 1. HP: 18/18 MP: 1/1
   217 | D:1      | Reached XP level 2. HP: 24/24 MP: 3/3
   408 | D:1      | Reached XP level 3. HP: 29/29 MP: 4/4
   461 | D:2      | Found a glowing silver altar of Zin.
   568 | D:2      | Reached skill level 4 in Armour
   682 | D:2      | Reached XP level 4. HP: 35/35 MP: 5/5
   832 | D:2      | You fall through a shaft!
   901 | D:3      | Killed from afar by an orc wizard

Action                   |  1- 3 |  4- 6 || total
-------------------------+-------+-------++-------
Melee: Flail             |   120 |    38 ||   158
